 Dungeon Crawl Stone Soup version 0.25-a0-156-g0c4bda3fdf (webtiles) character file.

Game seed: 16071644308238086280, levelgen mode: deterministic

670 Phyrgian the Chopper (level 7, -9/48 HPs)
             Began as an Octopode Fighter on Nov 20, 2019.
             Mangled by a gnoll
             ... wielding a +0 halberd
              (14 damage)
             ... on level 5 of the Dungeon.
             The game lasted 00:12:15 (4884 turns).

Phyrgian the Chopper (Octopode Fighter)             Turns: 4884, Time: 00:12:16

Health: -9/48      AC:  1    Str: 15    XL:     7   Next: 58%
Magic:  7/7        EV: 12    Int: 11    God:
Gold:   305        SH:  9    Dex: 13    Spells: 6/6 levels left

rFire    x . .     SeeInvis .   a - +0 war axe
rCold    + . .     Gourm    .   b - +0 shield
rNeg     . . .     Faith    .   (helmet restricted)
rPois    .         Spirit   .   (no amulet)
rElec    .         Reflect  .   j - ring of ice
rCorr    .         Harm     .   (no ring)
MR       .....                  (no ring)
Stlth    +++.......             (no ring)
HPRegen  0.16/turn              (no ring)
MPRegen  0.10/turn              (no ring)
                                (no ring)
                                (no ring)

@: no status effects
A: almost no armour, stealthy swim, amphibious, 8 rings, constrict 8, camouflage
1, gelatinous body 1
a: no special abilities


You were on level 5 of the Dungeon.
You were hungry.

You visited 1 branch of the dungeon, and saw 5 of its levels.

You collected 305 gold pieces.

Inventory:

Hand Weapons
 a - a +0 war axe (weapon)
 m - a +0 trident
Missiles
 i - 3 atropa-tipped darts (quivered)
 y - a throwing net
Armour
 b - a +0 shield (worn)
Jewellery
 j - a ring of ice (left tentacle)
 v - an uncursed amulet of faith
Wands
 r - a wand of enslavement (9)
Scrolls
 e - 8 scrolls of identify {unknown}
 f - 8 scrolls of remove curse {unknown}
 p - 2 scrolls of amnesia {unknown}
 q - 3 scrolls of teleportation {unknown}
 s - 2 scrolls of fog {unknown}
 w - a scroll of enchant armour {unknown}
Potions
 c - 2 potions of might
 g - a potion of haste {unknown}
 h - a potion of curing {unknown}
 k - a potion of mutation {unknown}
 l - 2 potions of flight {unknown}
 n - a potion of lignification {unknown}
 o - 2 potions of heal wounds {unknown}
 t - a potion of brilliance {unknown}
Comestibles
 d - 6 rations


   Skills:
 + Level 4.2 Fighting
 + Level 4.8 Axes
 + Level 3.8 Throwing
 + Level 4.0 Dodging
 - Level 1.7 Stealth
 + Level 4.1 Shields


You had 6 spell levels left.
You didn't know any spells.
Your spell library was empty.

Dungeon Overview and Level Annotations

Branches:
Dungeon (5/15)
 Temple: D:4-7

Altars:
Kikubaaqudgha

Annotations:
D:1 exclusion: 2 downstairs


Innate Abilities, Weirdness & Mutations

You cannot wear most types of armour.
You are very stealthy in the water. (Stealth+)
You are amphibious.
You can wear up to eight rings at the same time.
You can use your tentacles to constrict eight enemies at once.
Your skin changes colour to match your surroundings (Stealth+).
Your rubbery body absorbs attacks. (AC +1, EV +1)


Message History

You constrict the gnoll. The gnoll hits you with a +0 spear.
The gnoll hits you from afar with a +0 halberd.
You block the gnoll's attack.
You hit the gnoll.
The gnoll is almost dead.
You constrict the gnoll.
You kill the gnoll!
The gnoll misses you.
You see here a scroll labeled VYSISO FIMOOM.
The gnoll misses you.
You barely miss the gnoll. Your grab misses the gnoll.
The gnoll hits you with a +0 halberd!
You barely miss the gnoll. Your grab misses the gnoll.
The gnoll hits you with a +0 halberd!
* * * LOW HITPOINT WARNING * * *
Okay, then.
You hit the gnoll. Your grab misses the gnoll.
The gnoll is moderately wounded.
The gnoll hits you with a +0 halberd!
You die...

((...# #(..# #g#
. #g# ##.# #(#
#... #.# ...
###<####### ###.#
#...(.....# #?..#
#.........###@###
#.....<...#)g.#
#..(...(...)###
#.........###
#.........#
#.........#
###.#####$# ...
#.. .... ##..


You could see a gnoll.

Vanquished Creatures
  A gnoll sergeant (D:5)
  A hound (D:4)
  A quasit (D:3)
  A bullfrog skeleton (D:4)
  An orc priest (D:3)
  A centaur skeleton (D:4)
  4 orc wizards (D:3)
  An iguana (D:4)
  A worker ant (D:4)
  A howler monkey zombie (D:5)
  12 gnolls
  7 adders
  2 oozes
  4 worms
  4 dart slugs
  2 leopard geckos
  14 orcs
  9 bats
  4 giant cockroaches
  5 goblins
  6 hobgoblins
  A quokka (D:4)
  2 ball pythons
  3 frilled lizards
  10 kobolds
  6 rats
104 creatures vanquished.

Notes
Turn   | Place    | Note
-------+----------+-------------------------------------------
     0 | D:1      | Phyrgian the Octopode Fighter began the quest for the Orb.
     0 | D:1      | Reached XP level 1. HP: 16/16 MP: 1/1
     2 | D:1      | Noticed a gargoyle
     2 | D:1      | Noticed a felid
     4 | D:1      | Noticed a ghoul
     4 | D:1      | Noticed a draconian
     6 | D:1      | Noticed a naga
     6 | D:1      | Noticed a minotaur
     8 | D:1      | Noticed a tengu
    10 | D:1      | Noticed a spriggan
    10 | D:1      | Noticed a centaur
    12 | D:1      | Noticed a troll
    12 | D:1      | Noticed a demonspawn
    14 | D:1      | Noticed an octopode
    14 | D:1      | Noticed a demigod
    16 | D:1      | Noticed a vine stalker
    16 | D:1      | Noticed an elf
    18 | D:1      | Noticed a merfolk
    18 | D:1      | Noticed a halfling
    20 | D:1      | Noticed a dwarf
    22 | D:1      | Noticed a vampire
    24 | D:1      | Noticed an ogre
    24 | D:1      | Noticed a human
    26 | D:1      | Noticed a formicid
   433 | D:1      | Reached XP level 2. HP: 13/21 MP: 2/2
  1345 | D:2      | Reached XP level 3. HP: 24/26 MP: 3/3
  1346 | D:2      | Reached skill level 1 in Stealth
  1428 | D:2      | Found an ancient bone altar of Kikubaaqudgha.
  1428 | D:2      | Noticed a human
  1543 | D:2      | Reached XP level 4. HP: 18/32 MP: 4/4
  1839 | D:2      | Reached skill level 1 in Throwing
  2002 | D:2      | Reached XP level 5. HP: 37/37 MP: 5/5
  2519 | D:3      | Reached XP level 6. HP: 41/43 MP: 6/6
  3515 | D:4      | Reached XP level 7. HP: 34/48 MP: 7/7
  4620 | D:5      | Entered Level 5 of the Dungeon
  4884 | D:5      | Mangled by a gnoll

Levels and vault maps discovered:
D:1:      kb_arrival_jail, layout_basic, minmay_misc_feat_plants
D:2:      layout_rooms, first_ration, tgw_kikubaaqudgha
D:3:      layout_rooms
D:4:      layout_gridville
D:5:      layout_rooms, nicolae_dithmenos_shadow_blocks, old_standard_altar

Skill      XL: |  1  2  3  4  5  6  7 |
---------------+----------------------+-----
Stealth        | 1 |  1.7
Throwing       | 1 2 3 |  3.8
Axes           | 3 4 |  4.8
Fighting       | 4 |  4.2
Shields        | 4 |  4.1
Dodging        | 4 |  4.0

Action                   |  1- 3 |  4- 6 |  7- 9 || total
-------------------------+-------+-------+-------++-------
Melee: War axe           |    49 |    95 |    43 ||   187
       Constrict         |    14 |    33 |    12 ||    59
       Tentacles         |    14 |    22 |    11 ||    47
Throw: Dart              |    18 |    78 |    28 ||   124
 Stab: Sleeping          |     2 |     3 |     5 ||    10
       Distracted        |     1 |       |       ||     1
       Invisible         |       |     1 |     1 ||     2
  Eat: Chunk             |     2 |     6 |     4 ||    12
Armor: Skin              |     4 |     9 |     1 ||    14
Dodge: Dodged            |    30 |    58 |    20 ||   108
Block: Shield            |    23 |    51 |    13 ||    87

Table legend:
 A = Non-vault XP
 B = Vault XP
 C = Vault XP percentage of total XP
 D = Non-vault monster count
 E = Vault monster count
 F = Vault count percentage of total count
                 A         B        C        D         E       F
            +---------+---------+-------+---------+---------+-------
      Total |     958 |       0 |   0.0 |     104 |       0 |   0.0
            +---------+---------+-------+---------+---------+-------
        D:1 |      37 |       0 |   0.0 |      15 |       0 |   0.0
        D:2 |     135 |       0 |   0.0 |      24 |       0 |   0.0
        D:3 |     372 |       0 |   0.0 |      38 |       0 |   0.0
        D:4 |     289 |       0 |   0.0 |      23 |       0 |   0.0
        D:5 |     125 |       0 |   0.0 |       4 |       0 |   0.0
            +---------+---------+-------+---------+---------+-------
